 Dungeon Crawl Stone Soup version 0.19.1 (webtiles) character file.

56 doubledope the Slasher (level 3, -3/27 HPs)
             Began as a Vampire Gladiator on Dec 4, 2016.
             Slain by Yurafenix's ghost (5 damage)
             ... on level 3 of the Dungeon.
             The game lasted 00:10:57 (2353 turns).

doubledope the Slasher (Vampire Gladiator)          Turns: 2353, Time: 00:10:57

Health: -3/27      AC:  9    Str: 15    XL:     3   Next: 71%
Magic:  3/3        EV: 12    Int: 10    God:
Gold:   136        SH:  0    Dex: 14    Spells: 0 memorised, 2 levels left

rFire  . . .     SeeInvis +     a - +0 long sword
rCold  . . .     Gourm    .     p - +0 ring mail
rNeg   + . .     Faith    .     (no shield)
rPois  .         Spirit   .     n - +1 helmet
rElec  .         Reflect  .     (no cloak)
rCorr  .         Harm     .     k - +1 pair of gloves
MR     .....                    (no boots)
Stlth  +.........               (no amulet)
                                (no ring)
                                (no ring)

@: no status effects
A: fangs 3, see invisible, unbreathing
a: Bat Form


You were on level 3 of the Dungeon.
You were not thirsty.

You visited 1 branch of the dungeon, and saw 3 of its levels.

You collected 136 gold pieces.

Inventory:

Hand Weapons
 a - a +0 long sword (weapon)
Missiles
 d - 3 throwing nets (quivered)
Armour
 b - a +0 leather armour
 c - a +0 helmet
 j - a +1 helmet
 k - a +1 pair of gloves (worn)
 n - a +1 helmet (worn)
 p - a +0 ring mail (worn)
Wands
 q - a wand of iceblast (10/15)
Scrolls
 f - a scroll of enchant armour {unknown}
 h - 3 scrolls of remove curse
 l - 3 scrolls of identify
Potions
 g - 2 potions of haste
 i - 3 potions of curing {unknown}
 m - a potion of brilliance {unknown}
 o - a potion of degeneration {unknown}


   Skills:
 + Level 2.0 Fighting
 + Level 4.0 Long Blades
 + Level 1.5 Throwing
 + Level 0.4 Armour
 + Level 3.9 Dodging


You had 2 spell levels left.
You didn't know any spells.

Dungeon Overview and Level Annotations

Branches:
Dungeon (3/15)

Altars:
Elyvilon
Gozag
Hepliaklqana
Kikubaaqudgha
Ru
Sif Muna
Uskayaw
Zin

Annotations:
D:3 Yurafenix's ghost, amateur GrBe


Innate Abilities, Weirdness & Mutations

You have razor-sharp teeth.
You have supernaturally acute eyesight. (SInv)
You can survive without breathing.


Message History

Yurafenix's ghost is severely damaged.
Yurafenix's ghost completely misses you.
You riposte.
You hit Yurafenix's ghost but do no damage.
Yurafenix's ghost is severely damaged.
You hit Yurafenix's ghost but do no damage.
Yurafenix's ghost is severely damaged.
Yurafenix's ghost hits you.
You closely miss Yurafenix's ghost. Your bite misses Yurafenix's ghost.
Yurafenix's ghost is severely damaged.
Yurafenix's ghost closely misses you.
You hit Yurafenix's ghost but do no damage.
Yurafenix's ghost is severely damaged.
Yurafenix's ghost hits you but does no damage.
Yurafenix's ghost hits you!
* * * LOW HITPOINT WARNING * * *
You closely miss Yurafenix's ghost.
Yurafenix's ghost is severely damaged.
Yurafenix's ghost hits you.
You die...

#......# #.####.#
#.# #.# #.####.#
#.#<##.#
♣♣♣♣♣#.#.##.#
♣♣......#.##.####
♣♣♣.......#.##.(..#
♣W@♣♣♣♣♣#.#.#####.#
♣.ooo♣♣♣
#.#.#####.# ♣♣♣♣
##.#.#.....#
#..#.#.#####
#....#†# #.####.#
#......# #..#####
#..#


You could see Yurafenix's ghost and 3 orcs.

Vanquished Creatures
  An adder (D:2)
  2 worms (D:2)
  2 dart slugs (D:1)
  A leopard gecko (D:1)
  2 giant cockroaches (D:2)
  4 goblins (D:1)
  3 hobgoblins (D:2)
  2 jackals (D:2)
  6 bats
  3 frilled lizards
  6 kobolds (D:1)
  6 rats
38 creatures vanquished.

Notes
Turn   | Place    | Note
-------+----------+-------------------------------------------
     0 | D:1      | doubledope the Vampire Gladiator began the quest for the Orb.
     0 | D:1      | Reached XP level 1. HP: 16/16 MP: 1/1
   673 | D:1      | Reached XP level 2. HP: 22/22 MP: 2/2
  1327 | D:2      | Reached XP level 3. HP: 26/27 MP: 3/3
  1376 | D:2      | Found an ancient bone altar of Kikubaaqudgha.
  1376 | D:2      | Found a deep blue altar of Sif Muna.
  1376 | D:2      | Found a sacrificial altar of Ru.
  1376 | D:2      | Found a white marble altar of Elyvilon.
  1382 | D:2      | Found a hazy altar of Hepliaklqana.
  1382 | D:2      | Found a glowing silver altar of Zin.
  1500 | D:2      | Noticed a hand axe
  1501 | D:2      | Noticed a dagger
  1515 | D:2      | Found a hide-covered altar of Uskayaw.
  1786 | D:2      | Found an opulent altar of Gozag.
  1901 | D:2      | Reached skill level 4 in Long Blades
  2337 | D:3      | Noticed Yurafenix's ghost (amateur GrBe)
  2353 | D:3      | Slain by Yurafenix's ghost

Skill      XL: |  1  2  3 |
---------------+----------+-----
Fighting       | 2 |  2.0
Long Blades    | 4 |  4.0
Throwing       | |  1.5
Armour         | |  0.4
Dodging        | |  3.9

Action                   || total
-------------------------++-------
Melee: Long sword        ||    96
       Bite              ||    13
  Use: Scroll            ||     3
  Eat: Corpse            ||     3
Armor: Leather armour    ||    11
       Ring mail         ||    16
Dodge: Dodged            ||    93
       Rpst.: Long sword ||    31
